 Dungeon Crawl Stone Soup version 0.31-a0-1002-g8e65716e6e (webtiles) character file.

Game seed: 4170679918512017319

37 Malachi the Magician (level 3, -3/25 HPs)
             Began as a Djinni Hedge Wizard on Nov 9, 2023.
             Slain by Natasha (7 damage)
             ... on level 2 of the Dungeon.
             The game lasted 00:01:33 (1450 turns).

Malachi the Magician (Djinni Hedge Wizard)          Turns: 1450, Time: 00:01:33

Health: -3/25      AC:  3    Str: 15    XL:     3   Next: 60%
Gold:   100        EV: 12    Int: 17    God:
                   SH:  0    Dex: 12

rFire   + + .        a - +0 dagger
rCold   x . .        (no shield)
rNeg    . . .        b - +0 robe
rPois   ∞            h - +0 helmet
rElec   .            (no cloak)
rCorr   .            (no gloves)
SInv    .            (boots unavailable)
Will    .....        (no amulet)
Stlth   ++           d - +6 ring of strength
HPRegen 0.24/turn    (no ring)
MPRegen 0.00/turn

%: infuse magic (-4 HP)
@: flying
A: sickness immunity, fire resistance 2, cold vulnerability 1, float, innate
caster, HP casting, extra vitality 1
a: no special abilities


You were on level 2 of the Dungeon.
You visited 1 branch of the dungeon, and saw 2 of its levels.

You collected 100 gold pieces.

Inventory:

Hand Weapons
 a - a +0 dagger (weapon)
Armour
 b - a +0 robe (worn)
 h - a +0 helmet (worn)
Magical Staves
 l - a staff of death
Jewellery
 d - a +6 ring of strength (left hand)
Scrolls
 c - a scroll of fog {unknown}
 f - a scroll of immolation {unknown}
 g - 2 scrolls of teleportation {unknown}
 j - a scroll of enchant armour {unknown}
 k - a scroll of fear {unknown}
Potions
 e - a potion of lignification {unknown}
 i - a potion of magic {unknown}


   Skills:
 - Level 2.1 Dodging
 - Level 1.5 Stealth
 + Level 3.7 Spellcasting
 + Level 3.7 Conjurations
 + Level 3.7 Hexes
 + Level 3.7 Summonings
 + Level 3.7 Necromancy
 + Level 3.7 Translocations
 + Level 3.7 Transmutations
 + Level 3.7 Fire Magic
 + Level 3.7 Ice Magic
 + Level 3.7 Air Magic
 + Level 3.7 Earth Magic
 + Level 3.7 Poison Magic


You knew the following spells:

 Your Spells              Type           Power      Damage    Failure   Level
a - Magic Dart            Conj           60%        1d6       3%          1
b - Slow                  Hex            60%        N/A       3%          1
c - Blink                 Tloc           30%        N/A       5%          2
d - Call Imp              Summ           30%        N/A       5%          2
e - Mephitic Cloud        Conj/Pois/Air  15%        N/A       11%         3
f - Necrotise             Necr           60%        1d7       3%          1
Your spell library was empty.

Dungeon Overview and Level Annotations

Branches:
Dungeon (2/15)

Altars:

Annotations:
D:2 Natasha


Innate Abilities, Weirdness & Mutations

You are immune to sickness and miasma.
You are immune to poison.
Your flesh is very heat resistant. (rF++)
You are vulnerable to cold. (rC-)
You float through the air rather than walking.
You learn spells naturally, not from books.
Your magical power is your life essence.
You have superior vitality. (+4 MHP)


Message History

The ball python constricts you.
You escape the ball python's grasp.
Your cerulean imp closely misses Natasha.
Natasha mumbles some strange words.
Your cerulean imp hits Natasha but does no damage.
Aiming: Magic Dart (safe; 3% risk of failure)
Press: ? - help, Q - select action, (/) - cycle Shift-Dir - straight line, f/p - Natasha
Aim: Natasha (ally target, 100% to hit)
The magic dart hits Natasha.
Natasha is moderately wounded.
The cerulean imp hits you from afar with a +1 spear.
The ball python bites you but does no damage.
The ball python grabs you. The ball python constricts you.
Your cerulean imp hits Natasha from afar with a -3 spear.
Unknown command.
Aiming: Magic Dart (safe; 3% risk of failure)
Press: ? - help, Q - select action, (/) - cycle Shift-Dir - straight line, f/p - Natasha
Aim: Natasha (heavily wounded, ally target, 100% to hit)
The magic dart hits the ball python.
You kill the ball python!
The cerulean imp hits you but does no damage.
Natasha wildly gestures.
Natasha's front paws start to glow.
Your cerulean imp closely misses the cerulean imp.
Aiming: Magic Dart (safe; 3% risk of failure)
Press: ? - help, Q - select action, (/) - cycle Shift-Dir - straight line, f/p - Natasha
Aim: Natasha (heavily wounded, ally target, 100% to hit)
The magic dart hits Natasha but does no damage.
Natasha is heavily wounded.
The cerulean imp barely misses you. Natasha claws you.
Aiming: Magic Dart (safe; 3% risk of failure)
Press: ? - help, Q - select action, (/) - cycle Shift-Dir - straight line, f/p - Natasha
Aim: Natasha (heavily wounded, ally target, 100% to hit)
The magic dart hits Natasha.
Natasha is heavily wounded.
The cerulean imp hits you from afar with a +3 spear.
* * * LOW HITPOINT WARNING * * *
The cerulean imp misses you. Natasha claws you!
You die...
Natasha begins licking her fur clean.

#...........##..###....#...##....
##........#......#####...... ....
..........###....# ###..... .##
.....[.... #....# #.....# #
......... #.#..#####....#.#
........ #.#....(....#....
....... #.#..#....##
......####......#.... .....#
#...#@#.#####. #.#.#h#...# #
#.55.##.### ###.###5.......
#....§....##... #.........# ....
.......?...# ... .............
...........###


You could see Natasha (ally target), 2 cerulean imps and a friendly cerulean imp
(summoned).

Vanquished Creatures
  An adder (D:2)
  4 ball pythons
  An endoplasm (D:1)
  A giant cockroach (D:1)
  2 hobgoblins
  2 jackals (D:1)
  3 kobolds
  3 quokkas (D:1)
  2 frilled lizards (D:1)
  2 goblins
  6 rats
27 creatures vanquished.

Notes
Turn   | Place    | Note
-------+----------+-------------------------------------------
     0 | D:1      | Malachi the Djinni Hedge Wizard began the quest for the
                  | Orb.
     0 | D:1      | Malachi set off with the following spells memorised: Magic
                  | Dart, Slow, Blink, Call Imp, Mephitic Cloud.
     0 | D:1      | Reached XP level 1. HP: 15/15 MP: 0/0
   124 | D:1      | Reached XP level 2. HP: 18/21 MP: 0/0
   997 | D:1      | Reached XP level 3. HP: 24/25 MP: 0/0
   997 | D:1      | Learned a level 1 spell: Necrotise
  1438 | D:2      | Noticed Natasha
  1450 | D:2      | Slain by Natasha

Illustrated notes

Levels and vault maps discovered:
D:1:      tarquinn_simple_flora_water_f, layout_basic
D:2:      layout_rooms, chequers_ecumenical_altar_island, minmay_tetromino_s2,
          uniq_terence, uniq_natasha

Skill      XL: |  1 |
---------------+----+-----
Spellcasting   | 3 |  3.7
Conjurations   | 3 |  3.7
Hexes          | 3 |  3.7
Summonings     | 3 |  3.7
Necromancy     | 3 |  3.7
Translocations | 3 |  3.7
Transmutations | 3 |  3.7
Fire Magic     | 3 |  3.7
Ice Magic      | 3 |  3.7
Air Magic      | 3 |  3.7
Earth Magic    | 3 |  3.7
Poison Magic   | 3 |  3.7
Dodging        | |  2.1
Stealth        | |  1.5

Action                     || total
---------------------------++-------
   Cast: Magic Dart        ||    60
         Call Imp          ||     2
 Armour: Robe              ||    15
  Dodge: Dodged            ||    12

Table legend: (Time is in decaauts)
 A = Elapsed time spent in this place.
 B = Non-inter-level travel time spent in this place.
 C = Inter-level travel time spent in this place.
 D = Time resting spent in this place.
 E = Time spent auto-exploring this place.
 F = Levels seen in this place.
 G = Mean time per level.
                   A        B        C        D        E       F      G
               +--------+--------+--------+--------+--------+-----+--------+
         Total |   1449 |   1383 |     66 |    257 |    962 |   2 |  724.5 |
       Dungeon |   1449 |   1383 |     66 |    257 |    962 |   2 |  724.5 |
               +--------+--------+--------+--------+--------+-----+--------+

Top non-repeatable levels by time:
     D:1: 1235 daAuts
     D:2: 213 daAuts
